Cogmind - Beta 13 *** ADVENTURER MODE // 2024.04.01 @ 19:11:51 Player: Compilatron Result: Destroyed by D-53 Grenadier with Mini Grenade Launcher Performance ------------- Evolutions (4) 2000 Regions Visited (8) 1600 Robots Destroyed (114) 570 Value Destroyed (4177) 4177 Prototype IDs (7) 140 Alien Tech Used (0) 0 Bonus (601) 601 TOTAL SCORE: 9088 Bonus ------- High Alert Combat Kills 210 Follower Combat Kills 391 Cogmind --------- Core Integrity 0/850 Matter 300/300 Energy 100/100 System Corruption 5% Temperature Cool (0) Movement Core (1350) Ox26 Location -6/Factory Parts ------- > --- POWER (1) -------- (None) > --- PROPULSION (5) --- (None) > --- UTILITY (5) ------ Huge Storage Unit Improved Signal Interpreter Advanced Targeting Computer > --- WEAPON (4) ------- (None) > --- INVENTORY (25) --- Improved Ion Engine Improved Heat Sink Coolant Injector Visual Processing Unit Advanced Terrain Scanner Advanced Terrain Scan Processor Cloaking Device Medium Armor Plating Improved Heavy Armor Plating Powered Armor Hacking Suite Hacking Suite System Shield Peak State ------------ > --- POWER ------------ Enhanced Nuclear Core > --- PROPULSION ------- Carbon-fiber Leg Carbon-fiber Leg Carbon-fiber Leg Improved Carbon-fiber Leg Improved Carbon-fiber Leg > --- UTILITY ---------- Improved Heat Sink Huge Storage Unit Matter Compressor Improved Signal Interpreter Advanced Targeting Computer > --- WEAPON ----------- Arc Projector Advanced Beam Cannon Heavy Machine Gun Advanced Assault Cannon > --- INVENTORY -------- Ion Engine Improved Ion Engine Light Nuclear Core Carbon-fiber Leg Coolant Injector Visual Processing Unit Advanced Terrain Scanner Advanced Terrain Scan Processor Cloaking Device Medium Armor Plating Improved Heavy Armor Plating Powered Armor Improved Shield Generator Hacking Suite Hacking Suite System Shield Heavy Laser Heavy Laser Gauss Cannon [Rating: 60] Favorites ----------- Power Ion Engine Engine Ion Engine Power Core Enhanced Nuclear Core Propulsion Light Treads Treads Light Treads Leg Carbon-fiber Leg Wheel Wheel Utility High-capacity Storage Unit Device Improved Heat Sink Storage High-capacity Storage Unit Processor Improved Signal Interpreter Protection Medium Armor Plating Weapon Advanced Beam Cannon Energy Gun Shock Rifle Energy Cannon Advanced Beam Cannon Ballistic Gun Heavy Assault Rifle Ballistic Cannon Advanced Assault Cannon Launcher Heavy Rocket Launcher Special Weapon Remote Datajack Build | -11 -10 -9 -8 -8 -7 -7 -7 -6 ------- Run | Yrd Mat Mat Mat Sto Fac Low Low Fac Slots Evolved 8 | . . 2 2 . 2 . . 2 Power . | . . . . . . . . . Propulsion 3 | . . 2 . . 1 . . . Utility 3 | . . . 1 . . . . 2 Weapon 2 | . . . 1 . 1 . . . Parts Attached 85 | 6 6 9 11 7 6 . . 40 Power 5 | 1 . . 1 . 1 . . 2 Engine 3 | 1 . . 1 . . . . 1 Core 2 | . . . . . 1 . . 1 Reactor . | . . . . . . . . . Propulsion 26 | 2 . 4 1 5 1 . . 13 Treads 15 | 2 . 4 1 5 1 . . 2 Leg 8 | . . . . . . . . 8 Wheel 3 | . . . . . . . . 3 Hover . | . . . . . . . . . Flight . | . . . . . . . . . Utility 16 | 1 1 1 2 1 . . . 10 Device 7 | . . . 1 1 . . . 5 Storage 6 | 1 1 1 . . . . . 3 Processor 2 | . . . . . . . . 2 Hackware . | . . . . . . . . . Protection 1 | . . . 1 . . . . . Artifact . | . . . . . . . . . Weapon 38 | 2 5 4 7 1 4 . . 15 Energy Gun 13 | . 1 3 2 . 2 . . 5 Energy Cannon 2 | . . . 1 . . . . 1 Ballistic Gun 11 | 2 2 1 3 . . . . 3 Ballistic Cannon 7 | . . . 1 . 1 . . 5 Launcher 4 | . 2 . . 1 1 . . . Special Weapon 1 | . . . . . . . . 1 Impact Weapon . | . . . . . . . . . Slashing Weapon . | . . . . . . . . . Piercing Weapon . | . . . . . . . . . Special Melee Weapon . | . . . . . . . . . Unidentified Prototypes 5 | . . 2 2 . 1 . . . Parts Lost 40 | . . 1 1 5 . . . 33 Power 4 | . . . 1 . . . . 3 Propulsion 19 | . . 1 . 4 . . . 14 Utility 5 | . . . . . . . . 5 Weapon 12 | . . . . 1 . . . 11 Highest Loss Streak 15 | . . 1 1 2 . . . 15 To Critical Strikes 3 | . . . . . . . . 3 Average Slot Usage (%) 92 | . 85 85 100 99 100 100 100 86 Engine 5 | . 14 11 9 9 4 . . . Core 2 | . . . . . 2 7 7 5 Treads 29 | . 28 30 36 35 38 38 38 19 Leg 1 | . . . . . . . . 4 Device 6 | . . . . 9 7 7 7 9 Storage 15 | . 14 21 18 18 15 15 15 11 Processor 2 | . . . . . . . . 8 Energy Gun 6 | . 3 11 13 2 7 7 7 4 Energy Cannon 4 | . . . 4 9 7 7 7 4 Ballistic Gun 5 | . 18 11 3 9 1 . . 2 Ballistic Cannon 3 | . . . 5 . 5 7 7 6 Launcher 4 | . 6 . . 6 7 7 7 3 Naked Turns . | . . . . . . . . . Heaviest Build 115 | 12 49 55 69 61 73 73 73 115 Greatest Support 100 | 40 40 86 86 83 100 100 100 100 Greatest Overweight (x) 37 | 1 1 1 . . . . . 37 Average Overweight (x) . | . . . . . . . . 1 Largest Inventory Capacity 25 | 8 20 20 20 20 20 20 20 25 Average Capacity 20 | 7 17 20 20 20 20 20 20 24 Most Carried 25 | 5 11 17 20 20 20 20 20 25 Average Carried 16 | 2 6 12 17 19 18 20 20 20 Final Capacity 25 | 8 20 20 20 20 20 20 20 25 Final Carried 20 | 2 11 17 18 20 20 20 20 14 Class Distribution -------------------- 27% | Mutant 21% | Commander-Gunner 20% | Scavenger-Gunner 18% | Scavenger-Skirmisher 6% | Tank 4% | Gunner Dominant Class ---------------- Mutant | -10/Materials Mutant | -9/Materials Tank | -8/Materials Scavenger-Gunner | -8/Storage Commander-Gunner | -7/Factory Commander-Gunner | -7/Lower Caves Scavenger-Gunner | -7/Lower Caves Scavenger-Skirmisher | -6/Factory Resources | -11 -10 -9 -8 -8 -7 -7 -7 -6 ----------- Run | Yrd Mat Mat Mat Sto Fac Low Low Fac Matter Collected 2366 | 251 128 365 178 237 . 66 18 1123 Remotely . | . . . . . . . . . Salvage Created 4592 | . 134 701 584 1208 . . 60 1905 Parts 295 | . 14 47 39 74 . . 1 120 Haulers Intercepted 2 | . . . . 1 . . . 1 Recyclers Shooed 8 | . . 1 1 2 . . . 4 Parts Field Recycled . | . . . . . . . . . Retrieved Matter . | . . . . . . . . . Parts Self-Destructed 8 | . . . . . . 1 7 . Prevented 1 | . . . . . . . 1 . Kills | -11 -10 -9 -8 -8 -7 -7 -7 -6 ------- Run | Yrd Mat Mat Mat Sto Fac Low Low Fac Combat Hostiles Destroyed 90 | . 6 17 10 21 . . 1 35 Guns 44 | . 1 17 3 9 . . . 14 Cannons 31 | . . . 6 12 . . 1 12 AOE 14 | . 5 . 1 . . . . 8 Classes Destroyed 15 | . 3 4 3 2 . . . 3 Worker 4 | . . . . 2 . . . 2 Builder 9 | . 1 . . . . . . 8 Hauler 2 | . . . . 1 . . . 1 Recycler 2 | . . . 1 1 . . . . Operator 3 | . . 1 1 1 . . . . Watcher 4 | . . 1 1 1 . . . 1 Swarmer 12 | . 3 3 . 3 . . . 3 Grunt 46 | . 3 10 4 8 . . 1 20 Brawler 2 | . . 1 1 . . . . . Duelist 2 | . . . 1 1 . . . . Sentry 15 | . . 3 3 8 . . . 1 Specialist 2 | . . . . . . . . 2 Hunter 6 | . . . 1 1 . . . 4 Programmer 4 | . . . . . . . . 4 Heavy 1 | . . . . . . . . 1 Best Kill Streak 24 | . 4 9 3 6 . . 1 24 Combat Bots Only 17 | . 3 7 3 5 . . 1 17 Max Kills in Single Turn 6 | . 2 2 1 2 . . 1 6 Gunslinging 1 | . . 1 . . . . . . Exploded 5 | . 2 . 1 . . . . 5 Melee . | . . . . . . . . . Uniques/NPCs Destroyed . | . . . . . . . . . Combat | -11 -10 -9 -8 -8 -7 -7 -7 -6 -------- Run | Yrd Mat Mat Mat Sto Fac Low Low Fac Hostile Shots Fired 570 | . 16 93 25 93 . . . 343 Missed 169 | . 6 36 6 34 . . . 87 Damage Taken 5415 | . 76 511 293 665 . 44 20 3806 Core 1000 | . . 65 . 64 . . . 871 Absorbed by Shields 26 | . . . . . . . . 26 Ignored by Resistances 1556 | . 24 158 85 190 . 12 5 1082 Core Remaining (%) 94 | 100 100 83 . 88 . . 100 . Volleys Fired 251 | . 26 57 18 50 . 1 3 96 Largest 4 | . 2 2 3 3 . 3 3 4 Hottest 233 | . 40 79 162 141 . 166 166 233 Shots Fired 577 | . 34 111 50 115 . 3 9 255 Gun 355 | . 31 111 32 65 . 1 3 112 Cannon 211 | . . . 18 50 . 2 6 135 Launcher 10 | . 3 . . . . . . 7 Special 1 | . . . . . . . . 1 Kinetic 285 | . 31 57 18 50 . 1 3 125 Thermal 194 | . . 54 14 50 . 1 3 72 Explosive 10 | . 3 . . . . . . 7 Electromagnetic 87 | . . . 18 15 . 1 3 50 Robot Hit Streak 28 | . 9 22 19 19 . 11 4 28 Robot Miss Streak 4 | . 4 2 3 2 . . 2 3 Penetration Max 1 | . . . . . . . . 1 Secondary Targets 6 | . . 6 . . . . . . Max Gunslinging Chain 1 | . . 1 . . . . . . Shots Hit Robots 432 | . 18 88 39 87 . 3 4 193 Core Hits 223 | . 14 35 30 41 . . 2 101 Critical Kills 1 | . . . . . . . . 1 Critical Parts Destroyed . | . . . . . . . . . Critical Strikes 7 | . . 2 1 . . . . 4 Burn 4 | . . 2 1 . . . . 1 Destroy 1 | . . . . . . . . 1 Blast 2 | . . . . . . . . 2 Melee Attacks . | . . . . . . . . . Impact . | . . . . . . . . . Slashing . | . . . . . . . . . Piercing . | . . . . . . . . . Sneak Attacks . | . . . . . . . . . Combat Hostiles . | . . . . . . . . . Follow-up Attacks . | . . . . . . . . . Damage Inflicted 9668 | . 455 1103 867 1755 . 65 71 5352 Guns 4191 | . 143 1100 386 809 . 16 24 1713 Cannons 3777 | . . . 381 936 . 49 47 2364 Explosions 1665 | . 312 . 96 . . . . 1257 Melee . | . . . . . . . . . Ramming 35 | . . 3 4 10 . . . 18 Kinetic 3745 | . 143 457 251 585 . 28 26 2255 Thermal 3505 | . . 643 350 936 . 21 21 1534 Explosive 1237 | . 312 . . . . . . 925 Electromagnetic 1146 | . . . 262 224 . 16 24 620 Impact . | . . . . . . . . . Slashing . | . . . . . . . . . Piercing . | . . . . . . . . . Highest Corruption 5 | . . . . . . . . 5 Average Corruption 3 | . . . . . . . . 3 Corruption Purged . | . . . . . . . . . Corruption Blocked . | . . . . . . . . . Effects 15 | . . . . . . . . 15 Message Errors 3 | . . . . . . . . 3 Matter Fused 1 | . . . . . . . . 1 Heat Flow Errors 1 | . . . . . . . . 1 Energy Discharges 5 | . . . . . . . . 5 Parts Rejected 1 | . . . . . . . . 1 Data Loss (minor) 1 | . . . . . . . . 1 Data Loss (major) 1 | . . . . . . . . 1 Alerts 1 | . . . . . . . . 1 Weapon Failures 1 | . . . . . . . . 1 Overload Shots . | . . . . . . . . . Overflow Damage 30 | . 1 . . . . . . 29 Projectiles 23 | . . . . . . . . 23 Explosions 7 | . 1 . . . . . . 6 Melee . | . . . . . . . . . Knockbacks 22 | . . . 2 . . 2 . 18 Impact . | . . . . . . . . . Kinetic 17 | . . . 2 . . 1 . 14 Secondary 5 | . . . . . . 1 . 4 Self-Inflicted Damage 49 | . . . . . . . . 49 Shots 1 | . . . . . . . . 1 Rammed 6 | . . 1 . 2 . . . 3 Targets Rammed 8 | . . 1 1 2 . . . 4 Kicked 1 | . . . . . . . . 1 Crushed 1 | . . . 1 . . . . . Highest Temperature 631 | . 12 93 394 229 . 45 57 631 Average Temperature 89 | . 7 29 121 77 . 23 27 123 Received Heat Transfer 1345 | . 60 261 126 396 . 21 12 469 Effects 14 | . . . 2 . . . . 12 Shutdowns 2 | . . . 1 . . . . 1 Energy Bleed 3 | . . . 1 . . . . 2 Interference 1 | . . . . . . . . 1 Damage (minor) 1 | . . . . . . . . 1 Damage (major) 7 | . . . . . . . . 7 Siege Activations . | . . . . . . . . . Robots Corrupted . | . . . . . . . . . Combat Hostiles . | . . . . . . . . . Parts Fried 1 | . . . . . . . . 1 Impact Corruptions . | . . . . . . . . . Robots Melted 1 | . . . . . . . . 1 Combat Hostiles 1 | . . . . . . . . 1 Parts Melted 4 | . . 1 1 2 . . . . Heat Transferred 6476 | . . 1575 605 1702 . 37 37 2520 Parts Sabotaged . | . . . . . . . . . Parts Stolen . | . . . . . . . . . Parts Stripped . | . . . . . . . . . Power Chain Reactions 3 | . . . 2 . . . . 1 Alert | -11 -10 -9 -8 -8 -7 -7 -7 -6 ------- Run | Yrd Mat Mat Mat Sto Fac Low Low Fac Peak Influence 612 | . 157 382 339 293 146 . . 612 Initial 106 | . . 10 105 49 106 . . 55 Average 163 | . 57 220 153 177 94 . . 201 Maximum Alert Level 2 | . . 1 1 1 . . . 2 Low Security (%) 63 | 100 100 32 72 51 100 . . 53 Level 1 26 | . . 67 27 48 . . . 17 Level 2 10 | . . . . . . . . 29 Level 3 . | . . . . . . . . . Level 4 . | . . . . . . . . . Level 5 . | . . . . . . . . . High Security . | . . . . . . . . . Max Security . | . . . . . . . . . Squads Dispatched 20 | . 2 2 2 2 2 . . 10 Investigation 5 | . 2 . . 2 . . . 1 Extermination 5 | . . . . . 2 . . 3 Reinforcement 7 | . . 2 . . . . . 5 Assault 1 | . . . . . . . . 1 Garrison 2 | . . . 2 . . . . . Intercept . | . . . . . . . . . Searches Triggered . | . . . . . . . . . Construction Impeded 2 | . . . . . . . . 2 Haulers Reinforced 1 | . . . . . . . . 1 Active Scanning Responses . | . . . . . . . . . Cargo Convoy Interrupts 1 | . . . . . . . . 1 Stealth | -11 -10 -9 -8 -8 -7 -7 -7 -6 --------- Run | Yrd Mat Mat Mat Sto Fac Low Low Fac Distress Signals 7 | . 1 3 1 2 . . . . Communications Jammed . | . . . . . . . . . Distress Signals . | . . . . . . . . . Times Spotted 130 | . 13 22 14 32 1 3 5 40 Peak Tracking Total 8 | . 4 5 3 4 1 2 4 8 Tactical Retreats 3 | . . . . 1 . . . 2 Traps | -11 -10 -9 -8 -8 -7 -7 -7 -6 ------- Run | Yrd Mat Mat Mat Sto Fac Low Low Fac Traps Triggered 2 | . 1 . . 1 . . . . Indirectly . | . . . . . . . . . Trap Hack Attempts . | . . . . . . . . . Triggered . | . . . . . . . . . Disarmed . | . . . . . . . . . Reprogrammed . | . . . . . . . . . Reused . | . . . . . . . . . Traps Extracted . | . . . . . . . . . Installed . | . . . . . . . . . Triggered 3 | . . . . . . . 1 2 Machines | -11 -10 -9 -8 -8 -7 -7 -7 -6 ---------- Run | Yrd Mat Mat Mat Sto Fac Low Low Fac Machines Disabled 1 | . . . . . . . . 1 Max in Single Turn 1 | . . . . . . . . 1 Garrison Access 1 | . . . 1 . . . . . Machines Repaired . | . . . . . . . . . Machines Dismantled . | . . . . . . . . . Machines Sabotaged . | . . . . . . . . . Overloaded Fab Kills . | . . . . . . . . . Hacking | -11 -10 -9 -8 -8 -7 -7 -7 -6 --------- Run | Yrd Mat Mat Mat Sto Fac Low Low Fac Machines Accessed 22 | . 4 3 3 9 . . . 3 Terminals 17 | . 2 3 2 7 . . . 3 Fabricators . | . . . . . . . . . Repair Stations . | . . . . . . . . . Recycling Units 4 | . 2 . . 2 . . . . Scanalyzers . | . . . . . . . . . Garrison Access 1 | . . . 1 . . . . . Total Hacks 51 | . 10 7 6 20 . . . 8 Successful 32 | . 5 3 6 14 . . . 4 Failed 19 | . 5 4 . 6 . . . 4 Catastrophic 2 | . . . . . . . . 2 Database Lockouts . | . . . . . . . . . Manual 24 | . 6 4 2 9 . . . 3 Terminals 40 | . 4 7 5 16 . . . 8 Fabricators . | . . . . . . . . . Repair Stations . | . . . . . . . . . Recycling Units 10 | . 6 . . 4 . . . . Scanalyzers . | . . . . . . . . . Garrison Access 1 | . . . 1 . . . . . Terminal Hacks 21 | . 1 2 4 11 . . . 3 Record 1 | . . . . . . . . 1 Robot Analysis 2 | . . 1 1 . . . . . Prototype ID Bank 1 | . . . 1 . . . . . Open Door 2 | . . . . 2 . . . . Level Access Points 1 | . . . . 1 . . . . Branch Access Points 1 | . . . . . . . . 1 Emergency Access Points 1 | . . . . 1 . . . . Recycling Unit Index 1 | . . . . 1 . . . . Alert Level 4 | . . . 1 2 . . . 1 Unreport Threat 2 | . . . 1 1 . . . . Dispatch Records 1 | . . . . 1 . . . . Investigation Status 1 | . . 1 . . . . . . Hauler Manifests 2 | . 1 . . 1 . . . . Zone Layout 1 | . . . . 1 . . . . Fabricator Hacks . | . . . . . . . . . Repair Station Hacks . | . . . . . . . . . Recycling Unit Hacks 3 | . 2 . . 1 . . . . Report Inventory 2 | . 2 . . . . . . . Retrieve Components 1 | . . . . 1 . . . . Scanalyzer . | . . . . . . . . . Garrison Access Hacks 1 | . . . 1 . . . . . Seal Access 1 | . . . 1 . . . . . Unauthorized Hacks 7 | . 2 1 1 2 . . . 1 Terminals 3 | . . 1 1 . . . . 1 Operators 3 | . . 1 1 . . . . 1 Fabricators . | . . . . . . . . . Repair Stations . | . . . . . . . . . Recycling Units 4 | . 2 . . 2 . . . . Reject 4 | . 2 . . 2 . . . . Scanalyzers . | . . . . . . . . . Garrison Access . | . . . . . . . . . Data Cores Recovered 4 | . . . 1 2 . . . 1 Used 1 | . . . . 1 . . . . Hacking Detections 12 | . 3 2 2 3 . . . 2 Full Trace Events 3 | . 1 . . 1 . . . 1 Feedback Events 1 | . . . . . . . . 1 Corruption 1 | . . . . . . . . 1 Feedback Blocked . | . . . . . . . . . Robot Schematics Acquired . | . . . . . . . . . Robots Built . | . . . . . . . . . Authchips . | . . . . . . . . . Time . | . . . . . . . . . Total Robot Build Rating . | . . . . . . . . . Part Schematics Acquired . | . . . . . . . . . Parts Built . | . . . . . . . . . Authchips . | . . . . . . . . . Time . | . . . . . . . . . Total Part Build Rating . | . . . . . . . . . Parts Repaired . | . . . . . . . . . Time . | . . . . . . . . . Parts Recycled . | . . . . . . . . . Recycled Matter . | . . . . . . . . . Retrieved Matter . | . . . . . . . . . Retrieved Components 10 | . . . . 10 . . . . Parts Scanalyzed . | . . . . . . . . . Part Schematics Acquired . | . . . . . . . . . Parts Damaged . | . . . . . . . . . Bothacking | -11 -10 -9 -8 -8 -7 -7 -7 -6 ------------ Run | Yrd Mat Mat Mat Sto Fac Low Low Fac Used RIF Installer . | . . . . . . . . . Robots Hacked . | . . . . . . . . . Non-combat . | . . . . . . . . . Combat . | . . . . . . . . . Robot Hacks Applied . | . . . . . . . . . Relay Couplers Released . | . . . . . . . . . Fabnet Peak Effective % . | . . . . . . . . . Robots Rewired . | . . . . . . . . . Allies Hacked 2 | . . . . . . 1 1 . Hacks Repelled . | . . . . . . . . . Allies | -11 -10 -9 -8 -8 -7 -7 -7 -6 -------- Run | Yrd Mat Mat Mat Sto Fac Low Low Fac Total Allies 10 | . . . . 10 . . . . Largest Group 10 | . . . . 10 10 9 8 4 Highest-Rated Group 173 | . . . . 173 173 157 134 58 Highest-Rated Ally 29 | . . . . 29 29 29 25 16 Total Orders . | . . . . . . . . . Ally Attacks 107 | . . . . 19 11 24 33 20 Total Damage 1346 | . . . . 312 153 311 410 160 Kills 16 | . . . . 5 1 2 6 2 Allies Corrupted . | . . . . . . . . . Allies Melted . | . . . . . . . . . Intel | -11 -10 -9 -8 -8 -7 -7 -7 -6 ------- Run | Yrd Mat Mat Mat Sto Fac Low Low Fac Robot Analysis Total 2 | . . 1 1 . . . . . Derelict Logs Recovered 2 | . . . . . . 1 1 . Drone Launches . | . . . . . . . . . Drone Recoveries . | . . . . . . . . . Exploration | -11 -10 -9 -8 -8 -7 -7 -7 -6 ------------- Run | Yrd Mat Mat Mat Sto Fac Low Low Fac Turns Passed 5913 | 80 661 684 470 907 502 601 153 1855 Spaces Moved 2521 | 47 250 268 234 429 287 369 87 550 Core 29 | 16 . . . . . . . 13 Treads 2384 | 31 250 268 234 429 287 369 87 429 Legs 104 | . . . . . . . . 104 Wheels 4 | . . . . . . . . 4 Hover . | . . . . . . . . . Flight . | . . . . . . . . . Fastest Speed 50 | 50 160 160 160 160 160 160 160 131 Average Speed 187 | 128 211 175 160 160 160 160 160 257 Slowest Speed 1900 | 160 240 240 160 160 160 160 160 1900 Overloaded Moves . | . . . . . . . . . Propulsion Burnouts . | . . . . . . . . . Robots Hopped . | . . . . . . . . . Cave-ins Triggered . | . . . . . . . . . Exploration Rate (%) 29 | 3 39 34 21 61 7 61 16 19 Regions Visited 8 Branch Regions 3 Pre-discovered Areas . | . . . . . . . . . Known Exits Taken 1 | . . . . 1 . . . . Unknown Exits Taken 7 | 1 1 1 1 . 1 1 1 . Scrap Searched 7 | . . . . . . 3 4 . Spaces Dug . | . . . . . . . . . Terrain Destroyed 86 | . 16 . 2 . . . 2 66 Melee . | . . . . . . . . . Projectile 12 | . . . . . . . 2 10 AOE 74 | . 16 . 2 . . . . 56 Terrain Rammed . | . . . . . . . . . Walls Destroyed . | . . . . . . . . . Machines Disabled . | . . . . . . . . . Actions | -11 -10 -9 -8 -8 -7 -7 -7 -6 --------- Run | Yrd Mat Mat Mat Sto Fac Low Low Fac Total 3221 | 67 352 378 296 546 332 378 94 778 Wait 222 | 7 62 22 3 45 22 7 5 49 Move 2513 | 46 249 267 233 428 286 368 86 550 Hop . | . . . . . . . . . Pick Up 97 | 8 9 16 16 9 9 1 . 29 Fast Attach 2 | . . . 2 . . . . . Attach 50 | 6 . 4 4 5 2 . . 29 Detach . | . . . . . . . . . Swap 33 | . 6 5 5 2 4 . . 11 Drop 42 | . . 6 14 3 8 1 . 10 Fire 251 | . 26 57 18 50 . 1 3 96 Melee . | . . . . . . . . . Ram 2 | . . . . . . . . 2 Kick 1 | . . . . . . . . 1 Crush 5 | . . 1 1 2 . . . 1 Escape Stasis 1 | . . . . . 1 . . . Rewire 2 | . . . . 2 . . . . Trap . | . . . . . . . . . Miscellaneous . | . . . . . . . . . Route ------- -11/Scrapyard -10/Materials -9/Materials -8/Materials -8/Storage -7/Factory -7/Lower Caves -7/Lower Caves -6/Factory (discovered 3 exits: *Fac / Low x2) History --------- Turn | Location | Event 28 | -11/Scrapyard | Discovered new exit (range 16) 81 | -11/Scrapyard | Entered Materials 310 | -10/Materials | Build established: Mutant 600 | -10/Materials | Derelicts attacked the area 656 | -10/Materials | Discovered new exit (range 16) 742 | -10/Materials | Entered another Materials area 742 | -9/Materials | Evolved 2 slots: Propulsion x2 891 | -9/Materials | Destroyed 7 combat bots 1384 | -9/Materials | Discovered new exit (range 16) 1426 | -9/Materials | Entered another Materials area 1426 | -8/Materials | Evolved 2 slots: Utility x1, Weapon x1 1689 | -8/Materials | Discovered new exit (range 15) 1694 | -8/Materials | Garrison activated, responded to threat 1728 | -8/Materials | Build established: Tank 1896 | -8/Materials | Entered Storage 2448 | -8/Storage | Build established: Scavenger-Gunner 2684 | -8/Storage | Assisted by bots powering up and referring to "LRC-V3" 2705 | -8/Storage | Identified exit to Factory 2803 | -8/Storage | Entered Factory 2803 | -7/Factory | Accompanied by 10 allies 2803 | -7/Factory | Evolved 2 slots: Propulsion x1, Weapon x1 2988 | -7/Factory | Build established: Commander-Gunner 3209 | -7/Factory | Found Powered Armor 3241 | -7/Factory | Discovered new exit (range 8) 3305 | -7/Factory | Entered Lower Caves 3305 | -7/Lower Caves | Accompanied by 9 allies 3782 | -7/Lower Caves | Learned Factory emergency access door positions 3877 | -7/Lower Caves | Discovered new exit (range 15) 3906 | -7/Lower Caves | Entered another Lower Caves area 3906 | -7/Lower Caves | Accompanied by 8 allies 3916 | -7/Lower Caves | Learned location of 1 exit from Proximity Caves 3990 | -7/Lower Caves | Lost 4 allies 4003 | -7/Lower Caves | Discovered new exit (range 12) 4059 | -7/Lower Caves | Entered Factory 4059 | -6/Factory | Accompanied by 4 allies 4059 | -6/Factory | Evolved 2 slots: Utility x2 4360 | -6/Factory | Build established: Scavenger-Skirmisher 4465 | -6/Factory | Lost 4 allies 4536 | -6/Factory | Identified exit to Lower Caves 5067 | -6/Factory | Destroyed 7 combat bots 5226 | -6/Factory | Lost 10 parts (5n1u4w) 5261 | -6/Factory | Destroyed 17 combat bots 5477 | -6/Factory | Discovered new exit (range 13) 5528 | -6/Factory | Identified exit to Factory 5834 | -6/Factory | First assault squad dispatched 5837 | -6/Factory | Cargo convoy interrupted 5843 | -6/Factory | Core integrity fell below 50% 5873 | -6/Factory | Lost 15 parts (2p5n3u5w) 5904 | -6/Factory | Core integrity fell below 20% 5914 | -6/Factory | Destroyed by D-53 Grenadier with Mini Grenade Launcher Last Messages --------------- 05880_ K-01 Serf collects debris. 05883_ Penetrated by Slug. 05883_ Hvy. Laser destroyed. 05885_ R-10 Processor collects Wheel. 05885_ Acquired Carbon-fiber Leg. 05889_ Acquired 10 matter. 05891_ Penetrated by Slug. 05894_ K-01 Serf collects debris. 05894_ H-66 Slayer destroyed. 05896_ K-01 Serf destroyed. 05896_ U-05 Engineer destroyed. 05896_ Terminal disabled. 05898_ Shock Rifle destroyed. 05899_ Carbon-fiber Leg destroyed. 05899_ M-28 Smith repairs A-15 Conveyor. 05901_ Lgt. Nuclear Core destroyed. 05908_ K-01 Serf destroyed. 05910_ Carbon-fiber Leg destroyed. 05911_ M-28 Smith repairs D-53 Grenadier. 05912_ K-01 Serf collects debris. Map ----- +----------------------------------------------------+ | | | | | ?????????????????????????????????????????????????? | | ?????????????????????????????????????????????????? | | ?????????????????????????????????????????????????? | | ?????????????????????????????????????????????????? | | ?????????????????????????????????????????????????? | | ?????????????????????????????????????????????????? | | ?????????????????????????????????????????????????? | | ?????????????????????????????????????#??##???????? | | ???????????????????????????????????? ?? ??????? | | ???????????????????????????????????? ? ??????? | | ???????????????????????????????????? T ??????? | | ???????????????????????#?????###???? "" ??????? | | ????????????????? ???# ?? ? #????? ???????? | | ????????????????"" ???# ?""? #????? ???????? | | ???????????????""" ??# """ #????? ???????? | | ???????????????""" ??# """ #?????# #??????? | | ??????????????? !!?# #?????# #??????? | | ???????????????""" !!?# """ #?????# ########+ | | ???????????????""" # """ #?????# + | | ????????????????"" !# """ #?????# # """" "" | | ?????????????????? #?????# # """" "" | | ?????????????????###+ #+####### # """" "" | | ?????????????##### * ! + """" "" | | ??????????? """"" @ %= =*! # | | ?????? ^""^F" %%!% #! | | ??????# "" ""^ ########## #####+#### | | ??????????# ^ " #????????# #?# | | ??????????# d T" ##????????# #?# | | ??????????# =A d""" ##?????????# #?# | | ??????????# [ m ##########?## #?# | | ??????????# %! ### #### ### | | ??????? ##### =#%= | | ??????## % * !#| ! | | ???????# "" k % < +*| | | ???????# """ " % # =! | | ???????? ??""" ^ ^^##### [ %+ =% | | ??????????? ^^ ^#???# ########* ! | | ???????????""" ######???######### [[!%%#* | | ???????????""" ?????????????????? # #*!#= | | ????????????"" ????????????????????# ###! | | ????????????? ????????????????????????# | | ?????????????" ????????????????????????######### | | ???????????????? ????????????????????????# | | ?????????????????????????????????????????# | | ?????????????????????????????????????????# | | ?????????????????????????????????????????# | | ?????????????????????????????????????????# | | ?????????????????????????????????????????# | +----------------------------------------------------+ Best States ------------- Heat Dissipation 51 Energy Generation 17 Energy Capacity 300 Matter Stores 550 Matter Capacity 550 Sight Range 16 Robot Scan Range 15 Terrain Scan Density 10 Armor Coverage 225 Resistance: KI 20 Resistance: TH 20 Resistance: EX 20 Resistance: EM 20 Resistance: I 20 Resistance: S 20 Resistance: P 20 Evasion (%) 50 Targeting Accuracy 8 Recoil Reduction 5 Offensive Hacking 10 Item Schematics ----------------- None Robot Schematics ------------------ None Fabricated ------------ Nothing Alien Tech Used ----------------- None Achievements -------------- Dynamic Key Quick And Dirty The More The Merrier Challenges ------------ None Game ------ Seed HardenedTargetMatrix Manual? 0 Play Time 01:08:06 Cumulative 15.0 hours Start 2024.04.01 @ 17:54:56 End 2024.04.01 @ 19:11:51 Sessions 1 Manual Loads 0 Difficulty Adventurer Special Mode None Game No. 12 Rogue 0 Adventurer 10 Explorer 2 Win Type - Total 0 Types 0/0/0/0/0/0/0/0/0 Lore% 22 Gallery% 19 Achievement% 20 Wizard Run 0 Options --------- Layout 1 ASCII 0 Keyboard 0 Movement Numpad Keybinds 0 Fullscreen 1 Font 24/Smallcaps Map View 50x35 Zoom Use 0% Tactical HUD 1 Map Filters NONE Filters NONE Steam 1 RUN: 8299af5e-97ac-4005-bd29-1fdbf55c76f7